 Dungeon Crawl Stone Soup version 0.30.0-11-gf55b779eaf (webtiles) character file.

Game seed: 4833406738244038049

85 hikkokomori the Digger (level 4, 0/24 HPs)
             Began as a Gargoyle Earth Elementalist on May 17, 2023.
             Slain by an ogre
             ... wielding a +0 giant club
              (24 damage)
             ... on level 3 of the Dungeon.
             The game lasted 00:04:01 (2450 turns).

hikkokomori the Digger (GrEE)                       Turns: 2450, Time: 00:04:02

Health: 0/24       AC:  6    Str: 12    XL:     4   Next: 48%
Magic:  3/7        EV: 12    Int: 22    God:
Gold:   116        SH:  0    Dex: 10    Spells: 3/7 levels left

rFire   . . .        k - +9 war axe of Keuruozi {freeze, Will+ Int+5}
rCold   . . .        (no shield)
rNeg    + . .        a - +0 robe
rPois   ∞            l - +0 helmet
rElec   +            (no cloak)
rCorr   .            (no gloves)
SInv    .            (no boots)
Will    +....        (no amulet)
Stlth   ++           (no ring)
HPRegen 0.24/turn    (no ring)
MPRegen 0.10/turn

%: no passive effects
@: no status effects
A: sickness immunity, AC +3, negative energy resistance 1, electricity
resistance, torment resistance 1, petrification resistance
a: no special abilities


You were on level 3 of the Dungeon.
You visited 1 branch of the dungeon, and saw 3 of its levels.

You collected 116 gold pieces.

Inventory:

Hand Weapons
 g - a +0 short sword
 k - the +9 war axe of Keuruozi (weapon) {freeze, Will+ Int+5}
   (You found it on level 2 of the Dungeon)

   Int:       It affects your intelligence (+5).
   Will:      It increases your willpower.
Armour
 a - a +0 robe (worn)
 l - a +0 helmet (worn)
Magical Staves
 e - a staff of earth
Scrolls
 c - 3 scrolls of identify {unknown}
 d - a scroll of acquirement {unknown}
 f - a scroll of magic mapping {unknown}
 i - 2 scrolls of immolation {unknown}
 n - a scroll of amnesia {unknown}
 o - a scroll of enchant armour {unknown}
 p - a scroll of vulnerability {unknown}
 r - a scroll of fear {unknown}
 s - a scroll of brand weapon {unknown}
Potions
 b - 2 potions of magic
 h - 3 potions of heal wounds {unknown}
 j - a potion of invisibility
 m - a potion of curing {unknown}
 q - a potion of cancellation {unknown}


   Skills:
 + Level 0.8 Fighting
 + Level 0.7 Axes
 - Level 2.0 Dodging
 + Level 3.1 Stealth
 - Level 2.3 Spellcasting
 - Level 1.3 Transmutations
 + Level 4.2 Earth Magic


You had 3 spell levels left.
You knew the following spells:

 Your Spells              Type           Power      Damage    Failure   Level
a - Sandblast             Erth           42%        2d11      2%          1
b - Volatile Blastmotes   Fire/Tloc      4%         2d10      36%         3

Your spell library contained the following spells:

 Spells                   Type           Power      Damage    Failure   Level
 Passwall                 Tmut/Erth      11%        N/A       6%          2
 Freeze                   Ice            8%         1d3       13%         1
 Stone Arrow              Conj/Erth      24%        3d8       17%         3
 Dazzling Flash           Conj/Hex       4%         N/A       36%         3
 Frozen Ramparts          Ice            4%         1d1       36%         3
 Hailstorm                Conj/Ice       2%         3d3       36%         3
 Petrify                  Tmut/Erth      14%        N/A       38%         4
 Iskenderun's Mystic Bla  Conj/Tloc      2%         2d3       78%         4
 Starburst                Conj/Fire      1%         6d3       100%        6


Dungeon Overview and Level Annotations

Branches:
Dungeon (3/15)

Altars:
The Shining One


Innate Abilities, Weirdness & Mutations

You are immune to sickness and miasma.
Your stone body is resilient. (AC +3)
You are immune to poison.
You resist negative energy. (rN+)
You are resistant to electric shocks. (rElec)
You are resistant to unholy torment.
You are immune to petrification.


Message History

Casting: Sandblast (safe; 2% risk of failure)
Confirm with . or Enter, or press ? or * to list all spells.
The spell is extremely dangerous to miscast (36% risk of failure)!
Continue anyway?
A cloud of volatile blastmotes flares up around you!
Really walk into that cloud of blastmotes?
Okay, then.
You start resting.
Magic restored.
You see here 7 stones.
There is a shaft here.
Casting: Volatile Blastmotes (extremely dangerous; 36% risk of failure)
Confirm with . or Enter, or press ? or * to list all spells.
You can't see any susceptible monsters within range! (Use Z to cast anyway.) Unknown command.
Casting: Volatile Blastmotes (extremely dangerous; 36% risk of failure)
Confirm with . or Enter, or press ? or * to list all spells.
Aiming: Sandblast (safe; 2% risk of failure)
Press: ? - help, Shift-Dir - straight line, f - ogre
Aim: an ogre, wielding a +0 giant club (asleep, 100% to hit)
Okay, then.
Casting: Sandblast (safe; 2% risk of failure)
Confirm with . or Enter, or press ? or * to list all spells.
The spell is extremely dangerous to miscast (36% risk of failure)!
Continue anyway?
A cloud of volatile blastmotes flares up around you!
The ogre shouts!
Casting: Volatile Blastmotes (extremely dangerous; 36% risk of failure)
Confirm with . or Enter, or press ? or * to list all spells.
Okay, then.
The cloud of blastmotes explodes!
The concussive blast engulfs the ogre!
The ogre is moderately wounded.
Casting: Volatile Blastmotes (extremely dangerous; 36% risk of failure)
Confirm with . or Enter, or press ? or * to list all spells.
Aiming: Sandblast (safe; 2% risk of failure)
Press: ? - help, Shift-Dir - straight line, f - ogre
Aim: an ogre, wielding a +0 giant club (moderately wounded, 92% to hit)
The blast of sand hits the ogre!
The ogre is almost dead.
The ogre hits you with a +0 giant club!!
Ouch! That really hurt!
You die...

##.#.# #... .# #.#
....###..##.# #.#
#...##.....# #.#
#...##..)# #.#
#........# #.# #
#....##..# #.#.#
###..#.....# ##.#.#.#
.....#.....## #.O....#
##..###.....###.@###....
...## ##.....(.^...[....
..##...##.......##.#####
.##..#..##...#### .#
##..#.#..##...# # #
.#._.#..###..... #
..#.#..# ...>#
.##..#..## ###.#
..##...+# .#


You could see an ogre.

Vanquished Creatures
  2 adders (D:2)
  2 dart slugs
  5 endoplasms
  5 giant cockroaches
  3 goblins
  8 hobgoblins
  9 jackals
  5 kobolds
  A quokka (D:3)
  4 ball pythons
  6 bats
  4 frilled lizards
  A rat (D:1)
55 creatures vanquished.

Notes
Turn   | Place    | Note
-------+----------+-------------------------------------------
     0 | D:1      | hikkokomori the Gargoyle Earth Elementalist began the quest
                  | for the Orb.
     0 | D:1      | Reached XP level 1. HP: 10/10 MP: 3/3
   269 | D:1      | Reached skill level 1 in Transmutations
   269 | D:1      | Reached XP level 2. HP: 15/15 MP: 1/5
   943 | D:1      | Reached XP level 3. HP: 19/19 MP: 2/6
  1317 | D:2      | Reached skill level 4 in Earth Magic
  1546 | D:2      | Identified the +9 war axe of Keuruozi {freeze, Will+ Int+5}
  1815 | D:2      | Reached XP level 4. HP: 24/24 MP: 7/7
  2363 | D:3      | Found a glowing golden altar of the Shining One.
  2386 | D:3      | Noticed an ogre
  2394 | D:3      | Learned a level 3 spell: Volatile Blastmotes
  2450 | D:3      | Slain by an ogre

Illustrated notes

Levels and vault maps discovered:
D:1:      lightli_arrival_farm, layout_basic
D:2:      layout_basic, serial_rivers, chequers_serial_rivers_micro_b,
          chequers_serial_rivers_large_b, chequers_serial_rivers_small_3,
          chequers_serial_rivers_room_a, chequers_serial_rivers_micro_a
D:3:      layout_basic, tso_metal_star

Skill      XL: |  1  2  3 |
---------------+----------+-----
Transmutations | 1 |  1.3
Earth Magic    | 4 |  4.2
Dodging        | 2 |  2.0
Stealth        | 3 |  3.1
Fighting       | |  0.8
Axes           | |  0.7
Spellcasting   | |  2.3

Action                     |  1- 3 |  4- 6 || total
---------------------------+-------+-------++-------
  Melee: Short sword       |    21 |       ||    21
         Punch             |     1 |       ||     1
         War axe           |     8 |    16 ||    24
   Cast: Sandblast         |    58 |     1 ||    59
         Volatile Blastmot |       |     2 ||     2
   Stab: Sleeping          |       |     3 ||     3
 Armour: Robe              |    27 |     3 ||    30
  Dodge: Dodged            |    39 |     8 ||    47
